 Dungeon Crawl Stone Soup version 0.29-a0-1033-gb6c65ffae6 (webtiles) character file.

Game seed: 8524556921206886947

251 HoaS the Shooter (level 6, -24/35 HPs)
             Began as a Gargoyle Hunter on Aug 13, 2022.
             Annihilated by an ogre
             ... wielding a +0 giant club
              (30 damage)
             ... on level 4 of the Dungeon on Aug 14, 2022.
             The game lasted 00:05:36 (2638 turns).

HoaS the Shooter (Gargoyle Hunter)                  Turns: 2638, Time: 00:05:36

Health: -24/35     AC:  7    Str: 14    XL:     6   Next: 13%
Magic:  6/6        EV: 11    Int: 10    God:
Gold:   98         SH:  5    Dex: 15    Spells: 5/5 levels left

rFire   . . .      SeeInvis .   a - +0 shortbow
rCold   . . .      Faith    .   (shield currently unavailable)
rNeg    + . .      Spirit   .   c - +0 leather armour
rPois   ∞          Reflect  +   (no helmet)
rElec   +          Harm     .   (no cloak)
rCorr   .          Rampage  .   (no gloves)
Will    ++...                   (no boots)
Stlth   ++........              i - amulet of reflection
HPRegen 0.11/turn               e - ring of willpower
MPRegen 0.10/turn               f - ring of willpower

@: no status effects
A: sickness immunity, AC +4, negative energy resistance 1, electricity
resistance, torment resistance 1, petrification resistance
a: no special abilities


You were on level 4 of the Dungeon.
You visited 1 branch of the dungeon, and saw 4 of its levels.

You collected 98 gold pieces.

Inventory:

Hand Weapons
 a - a +0 shortbow (weapon)
Armour
 c - a +0 leather armour (worn)
Jewellery
 e - a ring of willpower (left hand)
 f - a ring of willpower (right hand)
 i - an amulet of reflection (around neck)
Wands
 l - a wand of charming (7)
Scrolls
 b - a scroll of immolation
 m - a scroll of teleportation
Potions
 d - 2 potions of flight {unknown}
 h - a potion of mutation
 j - 2 potions of curing {unknown}
 k - a potion of degeneration {unknown}


   Skills:
 - Level 2.1 Fighting
 + Level 7.2 Ranged Weapons
 - Level 1.5 Dodging
 - Level 1.1 Stealth


You had 5 spell levels left.
You didn't know any spells.
Your spell library contained the following spells:

 Spells                   Type           Power      Damage    Failure   Level
 Blink                    Tloc           0%         N/A       58%         2
 Poisonous Vapours        Pois/Air       0%         N/A       58%         2
 Gell's Gravitas          Tloc           0%         N/A       82%         3
 Corpse Rot               Necr/Pois/Air  0%         N/A       99%         4
 Freezing Cloud           Conj/Ice/Air   0%         6-21      100%        5
 Silence                  Hex/Air        0%         N/A       100%        5


Dungeon Overview and Level Annotations

Branches:
Dungeon (4/15)
 Temple: D:4-7

Altars:

Shops:
D:4 =

Annotations:
D:2 Natasha
D:3 Grinder


Innate Abilities, Weirdness & Mutations

You are immune to sickness and miasma.
Your stone body is resilient. (AC +4)
You are immune to poison.
You resist negative energy. (rN+)
You are resistant to electric shocks. (rElec)
You are resistant to unholy torment.
You are immune to petrification.


Message History

There is an escape hatch in the floor here.
You slide downwards.
The hatch slams shut behind you.
Found Difojis's Jewellery Boutique.
Found a stone staircase leading down.
An ogre comes into view. It is wielding a +0 giant club.
The ogre shouts!
You shoot an arrow. The arrow hits the ogre.
The ogre is lightly wounded.
No target in view!
No target in view!
No target in view!
You shoot an arrow. The arrow hits the ogre.
The ogre is moderately wounded.
You shoot an arrow.
The arrow hits the ogre but does no damage.
The ogre is moderately wounded.
You shoot an arrow. The arrow hits the ogre.
The ogre is heavily wounded.
You shoot an arrow. The arrow closely misses the ogre.
A jelly comes into view.
The ogre hits you with a +0 giant club!
You shoot an arrow. The arrow hits the ogre.
The ogre is severely wounded.
You shoot an arrow. The arrow barely misses the ogre.
The arrow hits the jelly.
The jelly is moderately wounded.
The ogre hits you with a +0 giant club!!
Ouch! That really hurt!
* * * LOW HITPOINT WARNING * * *
You are too injured to fight recklessly!
You are too injured to fight recklessly!
You are too injured to fight recklessly!
Okay, then.
Unknown command.
Fire: a) +0 shortbow
Press: ? - help, Q - select action, (/) - cycle Shift-Dir - straight line, f/p - ogre
Aim: an ogre, wielding a +0 giant club (severely wounded, 77% to hit)
You shoot an arrow. The arrow hits the ogre.
The ogre is severely wounded.
The ogre hits you with a +0 giant club!!
Ouch! That really hurt!
You die...

######
###....##
#.......#
#.#####..#
#...#..#
#.∩.#.@##
#...#.O.#
#.>.#.J.#
#...#...#
#####..##
.... .....
......
#.....##


You could see an ogre and a jelly.

Vanquished Creatures
  A black bear (D:2)
  Terence (D:3)
  Natasha (D:2)
  An orc wizard (D:3)
  3 adders
  A worm (D:2)
  A dart slug (D:1)
  9 orcs (D:3)
  A ball python (D:1)
  4 bats
  3 endoplasms
  4 giant cockroaches
  4 goblins
  4 hobgoblins
  2 jackals (D:1)
  5 quokkas
  6 frilled lizards
  3 kobolds (D:1)
  2 rats
56 creatures vanquished.

Vanquished Creatures (collateral kills)
  An orc (D:3)
1 creature vanquished.

Grand Total: 57 creatures vanquished

Notes
Turn   | Place    | Note
-------+----------+-------------------------------------------
     0 | D:1      | HoaS the Gargoyle Hunter began the quest for the Orb.
     0 | D:1      | Reached XP level 1. HP: 12/12 MP: 1/1
    18 | D:1      | Got Sif Muna's Handbook of the Wayfarer and Conduction
    72 | D:1      | Found a faded altar of an unknown god.
   436 | D:1      | Reached XP level 2. HP: 17/17 MP: 2/2
  1006 | D:2      | Reached skill level 5 in Ranged Weapons
  1006 | D:2      | Reached XP level 3. HP: 21/21 MP: 3/3
  1094 | D:2      | Noticed a black bear
  1102 | D:2      | Killed a black bear
  1103 | D:2      | Reached skill level 6 in Ranged Weapons
  1103 | D:2      | Reached XP level 4. HP: 22/26 MP: 4/4
  1103 | D:2      | Reached XP level 5. HP: 25/30 MP: 5/5
  1392 | D:2      | Noticed Natasha
  1396 | D:2      | Killed Natasha
  1493 | D:2      | Noticed Natasha
  1533 | D:3      | Noticed Terence
  1572 | D:3      | Killed Terence
  2143 | D:3      | Reached skill level 7 in Ranged Weapons
  2147 | D:3      | Reached XP level 6. HP: 24/35 MP: 6/6
  2318 | D:3      | Noticed Grinder
  2614 | D:3      | Upgraded the game from 0.29-a0-1027-gcd8c55af63 to
                  | 0.29-a0-1033-gb6c65ffae6
  2623 | D:4      | Found Difojis's Jewellery Boutique.
  2638 | D:4      | Annihilated by an ogre

Illustrated notes

Levels and vault maps discovered:
D:1:      eino_arrival_water_cross, layout_basic, ebering_ecumenical_altar_box,
          roderic_three_in_a_row, minmay_crystal_room
D:2:      layout_rooms, dk_noncrumbling_3, uniq_natasha
D:3:      layout_basic, wad_floor_pattern_2, uniq_terence, uniq_grinder
D:4:      minmay_skewed_foursquare, layout_rooms, cheibriados_altar_1,
          old_standard_altar, fedhas_altar_fruit_tree,
          mainiacjoe_overflow_concentric_impassable, nicolae_take_the_stairs,
          minivault_11, nicolae_shop_i_like_big_books, st_stairs_1,
          minmay_misc_feat_ornament

Skill      XL: |  1  2  3  4  5 |
---------------+----------------+-----
Ranged Weapons | 5 6 7 |  7.2
Fighting       | |  2.1
Dodging        | |  1.5
Stealth        | |  1.1

Action                   |  1- 3 |  4- 6 || total
-------------------------+-------+-------++-------
 Fire: Shortbow          |    71 |   126 ||   197
Evoke: Wand              |       |     1 ||     1
  Use: Scroll            |     4 |     3 ||     7
Armor: Leather armour    |    15 |    16 ||    31
Dodge: Dodged            |    23 |    22 ||    45
Block: Other             |       |    11 ||    11

Table legend: (Time is in decaauts)
 A = Elapsed time spent in this place.
 B = Non-inter-level travel time spent in this place.
 C = Inter-level travel time spent in this place.
 D = Time resting spent in this place.
 E = Time spent auto-exploring this place.
 F = Levels seen in this place.
 G = Mean time per level.
                   A        B        C        D        E       F      G
               +--------+--------+--------+--------+--------+-----+--------+
         Total |   2683 |   2584 |     99 |    826 |   1364 |   4 |  670.8 |
       Dungeon |   2683 |   2584 |     99 |    826 |   1364 |   4 |  670.8 |
               +--------+--------+--------+--------+--------+-----+--------+

Top non-repeatable levels by time:
     D:3: 1132 daAuts
     D:1: 989 daAuts
     D:2: 545 daAuts
     D:4: 16 daAuts
